 Dungeon Crawl Stone Soup version 0.31-a0-1352-gc98d92de7d (webtiles) character file.

Game seed: 490854579251697856

352 ketsa the Conjurer (level 6, 0/32 HPs)
             Began as a Deep Elf Conjurer on Dec 22, 2023.
             Succumbed to a water moccasin's poison
             ... on level 5 of the Dungeon.
             The game lasted 00:13:19 (4186 turns).

ketsa the Conjurer (Deep Elf Conjurer)              Turns: 4186, Time: 00:13:20

Health: 0/32       AC:  3    Str:  4    XL:     6   Next: 35%
Magic:  7/15       EV: 12    Int: 25    God:
Gold:   118        SH:  0    Dex: 13    Spells: 12/15 levels left

rFire   . . .        d - +1 dagger (freeze)
rCold   . . .        (no shield)
rNeg    . . .        a - +0 robe
rPois   .            (no helmet)
rElec   .            (no cloak)
rCorr   .            (no gloves)
SInv    .            b - +0 pair of boots
Will    .....        (no amulet)
Stlth   +++          (no ring)
HPRegen 0.25/turn    (no ring)
MPRegen 0.14/turn

%: no passive effects
@: lethally poisoned (0 -> -7)
A: no striking features
a: no special abilities


You were on level 5 of the Dungeon.
You visited 1 branch of the dungeon, and saw 5 of its levels.

You collected 118 gold pieces.

Inventory:

Hand Weapons
 d - a +1 dagger of freezing (weapon)
Missiles
 f - a throwing net
Armour
 a - a +0 robe (worn)
 b - a +0 pair of boots (worn)
 q - an orb of guile
Magical Staves
 n - a staff of earth
Wands
 x - a wand of polymorph (3)
Scrolls
 c - a scroll of teleportation {unknown}
 e - a scroll of enchant weapon {unknown}
 j - a scroll of blinking {unknown}
 k - a scroll of fog {unknown}
 l - a scroll of immolation {unknown}
 m - a scroll of revelation {unknown}
 o - a scroll of brand weapon {unknown}
 t - a scroll of vulnerability {unknown}
 w - a scroll of butterflies {unknown}
Potions
 g - 2 potions of attraction
 h - a potion of mutation {unknown}
 i - a potion of haste {unknown}
 r - a potion of resistance {unknown}
 s - a potion of brilliance {unknown}
 u - a potion of might {unknown}
 v - a potion of heal wounds {unknown}


   Skills:
 - Level 2.4 Dodging
 - Level 5.0 Stealth
 + Level 5.3 Spellcasting
 - Level 6.3 Conjurations
 + Level 0.7 Air Magic
 + Level 1.0 Alchemy


You had 12 spell levels left.
You knew the following spells:

 Your Spells              Type           Power      Damage    Failure   Level
a - Magic Dart            Conj           100%       1d8       1%          1
b - Searing Ray           Conj           76%        2d7       1%          2

Your spell library contained the following spells:

 Spells                   Type           Power      Damage    Failure   Level
 Shock                    Conj/Air       96%        1d9       1%          1
 Sting                    Conj/Alch      100%       1d9       1%          1
 Mercury Vapours          Alch/Air       22%        N/A       9%          2
 Passwall                 Alch/Erth      7%         N/A       10%         2
 Ensorcelled Hibernation  Hex/Ice        12%        N/A       12%         2
 Swiftness                Air            10%        N/A       17%         3
 Fulminant Prism          Conj/Alch      12%        3d9       17%         4
 Iskenderun's Mystic Bla  Conj/Tloc      22%        2d6       22%         4
 Olgreb's Toxic Radiance  Alch           11%        N/A       45%         4
 Airstrike                Air            5%         2d(1-17)  50%         4


Dungeon Overview and Level Annotations

Branches:
Dungeon (5/15)
 Temple: D:4-7

Altars:
The Shining One


Message History

The searing ray misses the water moccasin.
You feel sick. The water moccasin bites you.
The searing ray hits the water moccasin!
The water moccasin is moderately wounded.
You feel sick. The water moccasin bites you.
* * * LOW HITPOINT WARNING * * *
The water moccasin bites you.
* * * LOW HITPOINT WARNING * * *
You feel better. The water moccasin bites you.
You feel better. The water moccasin bites you!
* * * LOW HITPOINT WARNING * * *
You feel better. The water moccasin bites you.
You are lethally poisoned!
The water moccasin poisons you!
The water moccasin bites you but does no damage.
Casting: Searing Ray (safe; 1% risk of failure)
Confirm with . or Enter, or press ? or * to list all spells.
Aiming: Searing Ray (safe; 1% risk of failure)
Press: ? - help, Shift-Dir - straight line, f/p - water moccasin
Aim: a water moccasin (moderately wounded, 68% to hit)
The searing ray hits the water moccasin.
The water moccasin is heavily wounded. (Press . to maintain the ray.)
You feel very sick. The water moccasin barely misses you.
The searing ray hits the water moccasin!
The water moccasin is severely wounded.
* * * LOW HITPOINT WARNING * * *
You feel very sick. The water moccasin bites you.
* * * LOW HITPOINT WARNING * * *
The water moccasin closely misses you.
The searing ray hits the water moccasin!
The water moccasin is almost dead.
* * * LOW HITPOINT WARNING * * *
You feel sick. The water moccasin barely misses you.
The searing ray hits the water moccasin!
You kill the water moccasin!
You finish channelling your searing ray.
You die...

..## ##...####
...###.......## #.
....##........## .#
##.............## .#
###.............##.
#.............#.#
##...........##.#
#..........##..######
#...........##@##....##
#..............#......###
####........##..........##
...#########...........#
..### ##.#..[......# .##
#............#
##.#.........#
#..#........#
##.##......##


There were no monsters in sight!

Vanquished Creatures
  A water moccasin (D:5)
  A scorpion (D:4)
  2 hounds (D:4)
  An orc priest (D:3)
  Jessica (D:3)
  4 adders
  2 white imps
  2 worms
  15 orcs
  9 ball pythons
  6 endoplasms
  5 giant cockroaches
  10 goblins
  9 hobgoblins
  7 jackals
  A quokka (D:2)
  6 bats
  A frilled lizard (D:1)
  A goblin skeleton (D:3)
  A goblin zombie (D:3)
  3 hobgoblin zombies (D:3)
  6 kobolds
  2 kobold zombies (D:3)
  An orc skeleton (D:3)
  2 orc zombies (D:3)
  3 rats (D:1)
102 creatures vanquished.

Notes
Turn   | Place    | Note
-------+----------+-------------------------------------------
     0 | D:1      | ketsa the Deep Elf Conjurer began the quest for the Orb.
     0 | D:1      | Reached XP level 1. HP: 10/10 MP: 6/6
   179 | D:1      | Reached XP level 2. HP: 15/15 MP: 4/8
   525 | D:1      | Reached skill level 5 in Conjurations
   529 | D:1      | Reached XP level 3. HP: 19/19 MP: 6/10
   978 | D:2      | Found a faded altar of an unknown god.
  1329 | D:2      | Reached XP level 4. HP: 24/24 MP: 6/11
  2507 | D:3      | Reached XP level 5. HP: 28/28 MP: 7/13
  2632 | D:3      | Noticed Jessica
  2645 | D:3      | Killed Jessica
  2646 | D:3      | Reached skill level 6 in Conjurations
  2714 | D:3      | Found a glowing golden altar of the Shining One.
  2887 | D:3      | Learned a level 2 spell: Searing Ray
  3621 | D:4      | Reached skill level 5 in Spellcasting
  3621 | D:4      | Reached XP level 6. HP: 25/32 MP: 9/15
  4034 | D:5      | Entered Level 5 of the Dungeon
  4034 | D:5      | Noticed a water moccasin
  4080 | D:5      | Reached skill level 5 in Stealth
  4084 | D:5      | Reached skill level 1 in Alchemy
  4186 | D:5      | Killed a water moccasin
  4186 | D:5      | Succumbed to a water moccasin's poison

Illustrated notes

Levels and vault maps discovered:
D:1:      dpeg_arrival_erosion, layout_basic, st_stairs_9,
          chequers_serial_rivers_micro_a
D:2:      layout_rooms, shapermc_ecumenical_altar_starsandcircs
D:3:      layout_basic, nicolae_tso_besieged_by_evil, serial_corexii_hall,
          chequers_hall_statues_y, corexii_hall_statues_deadend, uniq_jessica
D:4:      layout_basic
D:5:      layout_cave_pods, nicolae_overflow_squiral

Skill      XL: |  1  2  3  4  5  6 |
---------------+-------------------+-----
Stealth        | 3 4 5 |  5.0
Conjurations   | 5 6 |  6.3
Spellcasting   | 4 5 |  5.3
Alchemy        | 1 |  1.0
Dodging        | |  2.4
Air Magic      | |  0.7

Action                     |  1- 3 |  4- 6 || total
---------------------------+-------+-------++-------
   Cast: Magic Dart        |    87 |   146 ||   233
         Searing Ray       |       |     5 ||     5
    Use: Scroll            |       |     2 ||     2
         Potion            |       |     4 ||     4
 Armour: Robe              |     3 |    24 ||    27
  Dodge: Dodged            |     4 |    17 ||    21

Table legend: (Time is in decaauts)
 A = Elapsed time spent in this place.
 B = Non-inter-level travel time spent in this place.
 C = Inter-level travel time spent in this place.
 D = Time resting spent in this place.
 E = Time spent auto-exploring this place.
 F = Levels seen in this place.
 G = Mean time per level.
                   A        B        C        D        E       F      G
               +--------+--------+--------+--------+--------+-----+--------+
         Total |   4188 |   4069 |    119 |   1342 |   1689 |   5 |  837.6 |
       Dungeon |   4188 |   4069 |    119 |   1342 |   1689 |   5 |  837.6 |
               +--------+--------+--------+--------+--------+-----+--------+

Top non-repeatable levels by time:
     D:3: 1394 daAuts
     D:4: 973 daAuts
     D:1: 972 daAuts
     D:2: 738 daAuts
     D:5: 110 daAuts
